 Dungeon Crawl Stone Soup version 0.30-a0-862-g1aabd4f9c5 (webtiles) character file.

Game seed: 9899781712790409502

7 Hubjo the Grave Robber (level 1, -2/14 HPs)
             Began as a Demonspawn Necromancer on Mar 8, 2023.
             Frozen to death by an endoplasm (5 damage)
             ... on level 1 of the Dungeon.
             The game lasted 00:00:31 (399 turns).

Hubjo the Grave Robber (Demonspawn Necromancer)      Turns: 399, Time: 00:00:31

Health: -2/14      AC:  2    Str:  8    XL:     1   Next: 91%
Magic:  0/3        EV: 12    Int: 16    God:
Gold:   28         SH:  0    Dex: 13    Spells: 3/4 levels left

rFire   . . .      SeeInvis .    (no weapon)
rCold   . . .      Faith    .    (no shield)
rNeg    . . .      Spirit   .    a - +0 robe
rPois   .          Reflect  .    (no helmet)
rElec   .          Rampage  .    (no cloak)
rCorr   .                        (no gloves)
Will    .....                    (no boots)
Stlth   ++                       (no amulet)
HPRegen 0.22/turn                (no ring)
MPRegen 0.08/turn                (no ring)

@: no status effects
A: no striking features
a: no special abilities


You were on level 1 of the Dungeon.
You visited 1 branch of the dungeon, and saw 1 of its levels.

You collected 28 gold pieces.

Inventory:

Armour
 a - a +0 robe (worn)
Jewellery
 c - an amulet of guardian spirit
Scrolls
 e - a scroll of blinking {unknown}
Potions
 b - 2 potions of magic
 d - a potion of curing {unknown}


   Skills:
 * Level 0.8 Fighting
 - Level 1.7 Dodging
 + Level 1.9 Stealth
 + Level 2.1 Spellcasting
 + Level 4.4 Necromancy


You had 3 spell levels left.
You knew the following spells:

 Your Spells              Type           Power      Damage    Failure   Level
a - Necrotise             Necr           64%        1d7       3%          1

Your spell library contained the following spells:

 Spells                   Type           Power      Damage    Failure   Level
 Vampiric Draining        Necr           16%        2d7       10%         3
 Animate Dead             Necr           16%        N/A       32%         4
 Agony                    Necr           16%        N/A       65%         5


Dungeon Overview and Level Annotations

Branches:
Dungeon (1/15)

Altars:


Message History

Nothing appears to happen.
The endoplasm freezes you.
You are frozen.
An endoplasm is nearby!
An endoplasm is nearby!
You are out of magic!
You are out of magic!
You are out of magic!
Casting: Necrotise (safe; 3% risk of failure)
Confirm with . or Enter, or press ? or * to list all spells.
You don't know that spell.
You barely miss the endoplasm.
The endoplasm is lightly wounded.
The endoplasm hits you.
You hit the endoplasm but do no damage.
The endoplasm is lightly wounded.
The endoplasm hits you.
You hit the endoplasm but do no damage.
The endoplasm is lightly wounded.
The endoplasm closely misses you.
You hit the endoplasm.
The endoplasm is heavily wounded.
The endoplasm completely misses you.
You completely miss the endoplasm.
The endoplasm is heavily wounded.
The endoplasm misses you.
You barely miss the endoplasm.
The endoplasm is heavily wounded.
The endoplasm barely misses you.
Your magical contamination has completely faded away.
You hit the endoplasm.
The endoplasm is severely wounded.
The endoplasm freezes you.
You are frozen.
* * * LOW HITPOINT WARNING * * *
You hit the endoplasm but do no damage.
The endoplasm is severely wounded.
The endoplasm freezes you.
You are frozen.
You die...

##.# #.# #.######
##### #.......
#####...# #..#####
#.....#.###..###..
####.###............#
#.......####....♣.♣..
#.##@##.# ##...♣.♣##
#J##.# ##.#♣.♣ #.##.#
#.#♣.♣ # ..##.#
#.#♣.♣ #. ####.# #+
♣.♣ ##.#####.# ♣.♣
##........#
#......####
..#.....Z#### #


You could see an endoplasm.

Vanquished Creatures
  3 kobolds (D:1)
  A quokka (D:1)
  2 ball pythons (D:1)
6 creatures vanquished.

Vanquished Creatures (collateral kills)
  A kobold (D:1)
1 creature vanquished.

Grand Total: 7 creatures vanquished

Notes
Turn   | Place    | Note
-------+----------+-------------------------------------------
     0 | D:1      | Hubjo the Demonspawn Necromancer began the quest for the
                  | Orb.
     0 | D:1      | Reached XP level 1. HP: 13/13 MP: 3/3
   399 | D:1      | Frozen to death by an endoplasm

Illustrated notes

Levels and vault maps discovered:
D:1:      tekkud_arrival_beachfront_property, layout_loops_corners,
          serial_forest, infiniplex_forest_straight_4, infiniplex_forest_end_1,
          infiniplex_forest_lined_room_3, infiniplex_forest_straight_3,
          infiniplex_forest_lined_2, infiniplex_forest_clump_tiny,
          infiniplex_forest_clump_double

Action                     || total
---------------------------++-------
  Melee: Unarmed           ||    31
         Punch             ||     1
   Cast: Necrotise         ||    10
 Armour: Robe              ||     6
  Dodge: Dodged            ||    20

Table legend: (Time is in decaauts)
 A = Elapsed time spent in this place.
 B = Non-inter-level travel time spent in this place.
 C = Inter-level travel time spent in this place.
 D = Time resting spent in this place.
 E = Time spent auto-exploring this place.
 F = Levels seen in this place.
 G = Mean time per level.
                   A        B        C        D        E       F      G
               +--------+--------+--------+--------+--------+-----+--------+
         Total |    399 |    399 |      0 |      0 |    327 |   1 |  399.0 |
       Dungeon |    399 |    399 |      0 |      0 |    327 |   1 |  399.0 |
               +--------+--------+--------+--------+--------+-----+--------+

Top non-repeatable levels by time:
     D:1: 399 daAuts
